 Dungeon Crawl Stone Soup version 0.25-a0-860-gf695395b5c (webtiles) character file.

Game seed: 4552203788721563300, levelgen mode: deterministic

11351 Oooooooo the Thaumaturge (level 11, -8/55 HPs)
             Began as a Deep Elf Ice Elementalist on Apr 27, 2020.
             Was an Elder of Vehumet.
             Engulfed by an ice statue's freezing vapour (27 damage)
             ... in an ice cave.
             The game lasted 01:50:15 (10061 turns).

Oooooooo the Thaumaturge (DEIE)                    Turns: 10061, Time: 01:50:15

Health: -8/55      AC:  5    Str:  5    XL:     11   Next: 48%
Magic:  23/31      EV: 17    Int: 24    God:    Vehumet [****..]
Gold:   701        SH:  0    Dex: 15    Spells: 18/38 levels left

rFire    . . .     SeeInvis .   I - staff of conjuration
rCold    . . .     Gourm    .   (no shield)
rNeg     . . .     Faith    .   a - +0 robe
rPois    +         Spirit   .   E - +0 helmet
rElec    .         Reflect  .   F - +0 cloak
rCorr    .         Harm     .   D - +0 pair of gloves
MR       +....                  (no boots)
Stlth    +++.......             t - amulet of regeneration
HPRegen  0.58/turn              q - +2 ring of evasion
MPRegen  0.22/turn              i - ring of poison resistance

@: about to teleport
A: no striking features
a: Renounce Religion


You were in an ice cave.
You worshipped Vehumet.
Vehumet was greatly pleased with you.
You were not hungry.

You visited 2 branches of the dungeon, and saw 12 of its levels.
You also visited: Bailey and Ice Cave.

You collected 701 gold pieces.

Inventory:

Armour
 a - a +0 robe (worn)
 D - a +0 pair of gloves (worn)
 E - a +0 helmet (worn)
 F - a +0 cloak (worn)
Magical Staves
 I - an uncursed staff of conjuration (weapon)
Jewellery
 d - an uncursed ring of flight
 i - a ring of poison resistance (right hand)
 q - a +2 ring of evasion (left hand)
 t - an amulet of regeneration (around neck)
 J - an uncursed ring of resist corrosion
 P - an uncursed ring of magical power
 R - the ring "Ontigg" {Dex+2 Stlth-}
   (You found it on level 10 of the Dungeon)

   [ring of attention]

   It affects your dexterity (+2).
   It makes you less stealthy.
Wands
 s - a wand of paralysis (9)
 v - a wand of disintegration (12)
 B - a wand of random effects (15)
 G - a wand of polymorph (14)
 L - a wand of clouds (3)
Scrolls
 g - 3 scrolls of remove curse
 h - a scroll of teleportation
 j - 3 scrolls of magic mapping
 m - 6 scrolls of identify {unknown}
 n - 2 scrolls of immolation {unknown}
 o - a scroll of noise {unknown}
 p - 8 scrolls of enchant weapon {unknown}
 w - 2 scrolls of blinking {unknown}
 y - 2 scrolls of amnesia {unknown}
 H - a scroll of random uselessness {unknown}
 K - 4 scrolls of enchant armour {unknown}
 M - a scroll of holy word {unknown}
 Q - a scroll of brand weapon {unknown}
Potions
 b - 5 potions of curing {unknown}
 e - 2 potions of lignification {unknown}
 f - 2 potions of brilliance {unknown}
 k - 6 potions of haste {unknown}
 l - 3 potions of invisibility {unknown}
 r - 2 potions of resistance {unknown}
 x - 6 potions of heal wounds
 z - 2 potions of ambrosia {unknown}
 A - a potion of berserk rage {unknown}
 C - a potion of degeneration {unknown}
 N - 2 potions of might
 O - a potion of experience {unknown}
Comestibles
 c - 10 rations


   Skills:
 + Level 0.8 Fighting
 + Level 5.2 Dodging
 + Level 4.7 Stealth
 - Level 14.4 Spellcasting
 * Level 10.1 Conjurations
 + Level 11.1 Ice Magic
 + Level 1.1 Earth Magic


You had 18 spell levels left.
You knew the following spells:

 Your Spells              Type           Power        Failure   Level  Hunger
a - Magic Dart            Conj           ####         1%          1    None
b - Frozen Ramparts       Ice            ######       1%          3    None
c - Hailstorm             Conj/Ice       #######.     1%          4    None
d - Conjure Flame         Conj/Fire      ######..     1%          3    None
e - Mephitic Cloud        Conj/Pois/Air  ######..     1%          3    None
f - Freeze                Ice            ####         1%          1    None
g - Stone Arrow           Conj/Erth      ######       1%          3    None
q - Blink                 Tloc           N/A          4%          2    None

Your spell library contained the following spells:

 Spells                   Type           Power        Failure   Level  Hunger
 Yara's Violent Unravell  Hex/Tmut       ###.......   24%         5    ##.....
 Sandblast                Erth           ###...       1%          1    None
 Ozocubu's Armour         Chrm/Ice       #####...     1%          3    None
 Infusion                 Chrm           ###.         3%          1    None
 Summon Ice Beast         Ice/Summ       #####...     3%          4    None
 Call Imp                 Summ           ###.....     4%          2    None
 Passwall                 Tmut/Erth      ###.....     4%          2    None
 Shroud of Golubria       Chrm/Tloc      ###...       4%          2    None
 Slow                     Hex            ###.....     4%          2    None
 Song of Slaying          Chrm           ###.....     4%          2    None
 Spectral Weapon          Hex/Chrm       ###.....     10%         3    None
 Lee's Rapid Deconstruct  Erth           ###.......   16%         5    ##.....
 Petrify                  Tmut/Erth      ###.....     26%         4    None


Dungeon Overview and Level Annotations

Branches:
Dungeon (11/15)            Temple (1/1) D:4            Lair (0/6) D:11
 Bailey (visited)           IceCv (1/1)
    Orc: D:9-12

Altars:
Ashenzari
Cheibriados
Dithmenos
Elyvilon
Fedhas
Gozag
Hepliaklqana
Kikubaaqudgha
Makhleb
Nemelex Xobeh
Okawaru
Qazlal
Ru
Sif Muna
Trog
Uskayaw
Vehumet
Wu Jian
Xom
Yredelemnul
Zin
The Shining One

Annotations:
IceCv exclusion: 2 ice statues


Message History

The ice statue gestures.
The ice beast barely misses you.
The ice devil hits you but does no damage.
The ice statue gestures.
As you read the scroll of teleportation, it crumbles to dust.
You feel strangely unstable. The ice beast closely misses you.
The ice devil hits you but does no damage.
The ice statue gestures at you.
The freezing blast engulfs the ice beast.
The ice beast completely resists.
The ice statue gestures at you. The shard of ice misses you.
The ice statue gestures.
The ice statue gestures at you. The freezing blast misses you.
Press: ? - help, v - describe, . - travel
Here: an ice devil (resting, fire blocked by a translucent stone wall)
The floor.
You are engulfed in freezing vapours.
You are engulfed in freezing vapours.
You die...

##.........#
##.........### ####
#8.........#4. #..##
##.........#4
....######○..Y......###
......##...°Y○☼Y§.....#
.∩∩........○°YY4☼.....+
...........○°☼Y☼......#
....##..##.....☼@...###
#..########.........#4.+
#### #8.........#4.#
##.........####
##.........# ###.....###
#######


You could see 2 ice statues, 4 ice devils and 6 ice beasts.

Vanquished Creatures
  Josephine (D:10)
  2 two-headed ogres (D:9)
  Pikel (D:5)
  3 orc knights (Bailey)
  2 ice devils (IceCv)
  4 wraiths (D:10)
  5 yaks (D:10)
  2 wyverns (D:8)
  A steam dragon (D:9)
  2 black bears
  8 ice beasts
  9 orc warriors
  A slave (D:5)
  2 sky beasts
  A phantom (D:6)
  5 centaurs
  4 ogres
  A crocodile (D:9)
  A big kobold (D:9)
  2 bullfrogs (D:6)
  3 scorpions
  10 killer bees
  3 wights (D:11)
  2 howler monkeys
  A centaur zombie (D:8)
  6 crimson imps
  2 bullfrog zombies
  3 quasits
  2 centaur skeletons
  2 jellies
  4 orc priests
  6 hounds
  2 bullfrog skeletons
  Crazy Yiuf (D:4)
  6 worker ants
  3 orc wizards
  3 iguanas
  A killer bee zombie (D:6)
  A hound skeleton (D:8)
  A hound zombie (D:8)
  9 gnolls
  8 adders
  An ooze (D:3)
  2 adder zombies
  An adder skeleton (D:4)
  A worm (D:6)
  2 dart slugs (D:1)
  3 leopard geckos
  46 orcs
  2 ball pythons
  3 giant cockroaches
  11 hobgoblins
  11 jackals
  9 kobolds
  6 quokkas
  7 bats
  2 frilled lizards
  3 goblins
  2 leopard gecko skeletons
  A leopard gecko zombie (D:5)
  10 rats
259 creatures vanquished.

Vanquished Creatures (others)
  A slave (D:5)
  An orc (D:5)
2 creatures vanquished.

Grand Total: 261 creatures vanquished

Notes
Turn   | Place    | Note
-------+----------+-------------------------------------------
     0 | D:1      | Oooooooo the Deep Elf Ice Elementalist began the quest for
                  | the Orb.
     0 | D:1      | Reached XP level 1. HP: 10/10 MP: 6/6
   179 | D:1      | Reached XP level 2. HP: 15/15 MP: 5/8
   301 | D:1      | Reached skill level 5 in Ice Magic
   761 | D:2      | Found a burning altar of Makhleb.
   881 | D:2      | Reached XP level 3. HP: 19/19 MP: 6/9
  1215 | D:2      | Found a shimmering altar of Xom.
  1699 | D:2      | Reached XP level 4. HP: 24/24 MP: 8/11
  1722 | D:2      | Found a bloodstained altar of Trog.
  1970 | D:3      | Reached skill level 4 in Spellcasting
  2509 | D:4      | Learned a level 3 spell: Frozen Ramparts
  2514 | D:4      | Learned a level 4 spell: Hailstorm
  2556 | D:4      | Reached XP level 5. HP: 25/28 MP: 3/13
  2682 | D:4      | Learned a level 1 spell: Magic Dart
  2733 | D:4      | Found a staircase to the Ecumenical Temple.
  2741 | Temple   | Entered the Ecumenical Temple
  2792 | Temple   | Became a worshipper of Vehumet
  2919 | D:4      | Reached skill level 1 in Conjurations
  3007 | D:4      | Found a runed translucent door.
  3008 | D:4      | Noticed Crazy Yiuf
  3016 | D:4      | Killed Crazy Yiuf
  3016 | D:4      | Reached skill level 5 in Spellcasting
  3016 | D:4      | Reached XP level 6. HP: 32/32 MP: 7/15
  3418 | D:5      | Entered Level 5 of the Dungeon
  3513 | D:5      | Noticed a slave
  3543 | D:5      | Noticed Pikel
  3548 | D:5      | Noticed a slave
  3550 | D:5      | Killed a slave
  3554 | D:5      | Killed Pikel
  3554 | D:5      | Reached skill level 7 in Spellcasting
  3554 | D:5      | Reached XP level 7. HP: 26/36 MP: 5/19
  3769 | D:5      | Reached XP level 8. HP: 40/41 MP: 16/21
  3899 | D:5      | Found a sacrificial altar of Ru.
  3926 | D:5      | Reached skill level 8 in Spellcasting
  4241 | D:6      | Found a hide-covered altar of Uskayaw.
  4465 | D:6      | Found a white marble altar of Elyvilon.
  4491 | D:6      | Reached skill level 9 in Spellcasting
  4592 | D:6      | Reached * piety under Vehumet
  4592 | D:6      | Offered knowledge of Foxfire by Vehumet.
  4828 | D:6      | Reached skill level 5 in Conjurations
  5205 | D:7      | Found an iron altar of Okawaru.
  5217 | D:7      | Reached skill level 10 in Spellcasting
  5217 | D:7      | Reached XP level 9. HP: 21/45 MP: 15/25
  5422 | D:7      | Found a sparkling altar of Nemelex Xobeh.
  5464 | D:7      | Found an ancient bone altar of Kikubaaqudgha.
  5637 | D:7      | Found a glowing silver altar of Zin.
  5819 | D:8      | Found a flagged portal.
  5943 | Bailey   | Entered a bailey
  6046 | Bailey   | Reached ** piety under Vehumet
  6047 | Bailey   | Offered knowledge of Shock by Vehumet.
  6111 | Bailey   | Noticed an orc knight
  6111 | Bailey   | Noticed an orc knight
  6170 | Bailey   | Killed an orc knight
  6170 | Bailey   | Reached skill level 11 in Spellcasting
  6413 | Bailey   | Noticed an orc knight
  6425 | Bailey   | Killed an orc knight
  6580 | Bailey   | Killed an orc knight
  6580 | Bailey   | Reached skill level 10 in Ice Magic
  6580 | Bailey   | Reached XP level 10. HP: 50/50 MP: 16/27
  6708 | Bailey   | Reached skill level 12 in Spellcasting
  6876 | D:8      | Found a shattered altar of Ashenzari.
  6996 | D:8      | Learned a level 3 spell: Conjure Flame
  7000 | D:8      | Learned a level 3 spell: Mephitic Cloud
  7037 | D:8      | Offered knowledge of Searing Ray by Vehumet.
  7445 | D:8      | Reached *** piety under Vehumet
  7741 | D:9      | Offered knowledge of Inner Flame by Vehumet.
  7942 | D:9      | Noticed a two-headed ogre
  7952 | D:9      | Killed a two-headed ogre
  7952 | D:9      | Reached skill level 13 in Spellcasting
  8019 | D:9      | Noticed a two-headed ogre
  8027 | D:9      | Killed a two-headed ogre
  8207 | D:10     | Entered Level 10 of the Dungeon
  8214 | D:10     | Reached **** piety under Vehumet
  8408 | D:10     | Got an ancient ivory ring
  8521 | D:10     | Reached XP level 11. HP: 25/55 MP: 8/30
  8522 | D:10     | Offered knowledge of Yara's Violent Unravelling by Vehumet.
  8697 | D:10     | Noticed Josephine
  8704 | D:10     | Killed Josephine
  8801 | D:10     | Learned a level 2 spell: Blink
  8805 | D:10     | Learned a level 3 spell: Stone Arrow
  8966 | D:10     | Reached skill level 5 in Dodging
  8968 | D:10     | Reached skill level 14 in Spellcasting
  9505 | D:11     | Found a frozen archway.
  9523 | D:11     | Reached skill level 10 in Conjurations
  9669 | IceCv    | Entered an ice cave
  9878 | IceCv    | Reached skill level 1 in Earth Magic
 10030 | IceCv    | Identified the ring "Ontigg" {Dex+2 Stlth-} (You found it
                  | on level 10 of the Dungeon)
 10061 | IceCv    | Engulfed by an ice statue's freezing vapour

Levels and vault maps discovered:
D:1:      dpeg_arrival_ratfight, layout_basic
D:2:      layout_loops_ring, bloody_makhleb, lemuel_coloured_pillars_altar,
          nicolae_overflow_crystal_walls
D:3:      layout_rooms
D:4:      layout_loops_ring, minmay_temple_entry_sparse_star,
          uniq_crazy_yiuf_cottage
D:5:      layout_rooms, nicolae_ru_awakened_eye, first_ration, uniq_pikel
D:6:      layout_cave_pools, elyvilon_altar_1, old_standard_altar,
          minmay_divided_ellipse
D:7:      layout_basic, lemuel_doored_altar, zin_academy, kennysheep_mini,
          basic_altar
D:8:      layout_basic, ashenzari_altar_1, enter_bailey_2
D:9:      layout_basic
D:10:     layout_basic, uniq_josephine
D:11:     layout_basic, grunt_lair_entry_orc_guard_hut,
          portal_ice_cave_entry_ice_beasts
Temple:   nicolae_temple_hex_pool
IceCv:    ice_cave_tombish

Skill      XL: |  1  2  3  4  5  6  7  8  9 10 11 |
---------------+----------------------------------+-----
Ice Magic      | 5 6 7 8 10 11 | 11.1
Stealth        | 3 4 |  4.7
Spellcasting   | 4 5 7 10 11 13 14 | 14.4
Conjurations   | 1 3 5 7 9 10 | 10.1
Dodging        | 3 4 5 |  5.2
Earth Magic    | 1 |  1.1
Fighting       | |  0.8

Action                   |  1- 3 |  4- 6 |  7- 9 | 10-12 || total
-------------------------+-------+-------+-------+-------++-------
Melee: Unarmed           |     1 |     2 |       |       ||     3
       Staff             |       |       |     1 |     1 ||     2
 Cast: Freeze            |    49 |    58 |    16 |    35 ||   158
       Frozen Ramparts   |       |     9 |    27 |    30 ||    66
       Magic Dart        |       |    18 |   145 |   204 ||   367
       Hailstorm         |       |       |    21 |    16 ||    37
       Stone Arrow       |       |       |       |    43 ||    43
       Conjure Flame     |       |       |       |     6 ||     6
Evoke: Wand              |       |       |       |     1 ||     1
  Use: Scroll            |       |       |       |     4 ||     4
 Stab: Sleeping          |       |     1 |       |       ||     1
  Eat: Chunk             |     2 |     6 |     7 |     7 ||    22
       Ration            |       |       |     1 |     1 ||     2
Armor: Robe              |     6 |     6 |    10 |    21 ||    43
Dodge: Dodged            |    17 |    31 |    53 |    89 ||   190

Table legend:
 A = Non-vault XP
 B = Vault XP
 C = Vault XP percentage of total XP
 D = Non-vault monster count
 E = Vault monster count
 F = Vault count percentage of total count
                 A         B        C        D         E       F
            +---------+---------+-------+---------+---------+-------
      Total |    8664 |    7553 |  46.6 |     189 |      69 |  26.7
            +---------+---------+-------+---------+---------+-------
        D:1 |      22 |       5 |  18.5 |      12 |       5 |  29.4
        D:2 |      87 |       0 |   0.0 |      21 |       0 |   0.0
        D:3 |      58 |       0 |   0.0 |      17 |       0 |   0.0
        D:4 |     227 |      40 |  15.0 |      15 |       1 |   6.2
        D:5 |     421 |     663 |  61.2 |      10 |       1 |   9.1
        D:6 |     702 |     339 |  32.6 |      17 |       8 |  32.0
        D:7 |     521 |       0 |   0.0 |      12 |       0 |   0.0
        D:8 |    1467 |       0 |   0.0 |      26 |       0 |   0.0
        D:9 |    2964 |       0 |   0.0 |      32 |       0 |   0.0
       D:10 |    1643 |    1951 |  54.3 |      19 |       5 |  20.8
       D:11 |     552 |     898 |  61.9 |       8 |       7 |  46.7
     Bailey |       0 |    2980 | 100.0 |       0 |      40 | 100.0
      IceCv |       0 |     677 | 100.0 |       0 |       2 | 100.0
            +---------+---------+-------+---------+---------+-------
